 Dungeon Crawl Stone Soup version 0.26.1-11-gd32895ea62 (webtiles) character file.

Game seed: 16361815169095987796

30 MisterFreud the Ruffian (level 3, -7/36 HPs)
             Began as a Troll Monk on May 8, 2021.
             Splashed by Ijyb's acid (15 damage)
             ... on level 2 of the Dungeon.
             The game lasted 00:01:03 (744 turns).

MisterFreud the Ruffian (Troll Monk)                 Turns: 744, Time: 00:01:04

Health: -7/36      AC:  2    Str: 19    XL:     3   Next: 3%
Magic:  2/2        EV:  6    Int: 12    God:
Gold:   57         SH: 12    Dex: 13    Spells: 2/2 levels left

rFire    . . .     SeeInvis .     - Unarmed
rCold    . . .     Faith    .   g - +0 tower shield
rNeg     . . .     Spirit   .   a - +0 robe
rPois    .         Reflect  .   (helmet restricted)
rElec    .         Harm     .   (no cloak)
rCorr    .         Rampage  .   (gloves unavailable)
Will     .....                  (boots unavailable)
Stlth    ++........             (no amulet)
HPRegen  0.52/turn              j - +6 ring of intelligence
MPRegen  0.08/turn              (no ring)

@: corroded
A: large, unfitting armour, claws 3, regeneration 1, shaggy fur 1, tough skin 3
a: no special abilities


You were on level 2 of the Dungeon.
You visited 1 branch of the dungeon, and saw 2 of its levels.

You collected 57 gold pieces.

Inventory:

Armour
 a - a +0 robe (worn)
 g - a +0 tower shield (worn)
Jewellery
 j - a +6 ring of intelligence (left claw)
Scrolls
 d - 2 scrolls of identify {unknown}
 e - a scroll of fear {unknown}
 h - a scroll of remove curse {unknown}
 i - a scroll of fog {unknown}
 k - a scroll of teleportation {unknown}
Potions
 b - a potion of cancellation {unknown}
 c - a potion of heal wounds {unknown}
 f - a potion of ambrosia {unknown}
 l - a potion of magic {unknown}


   Skills:
 - Level 2.4 Fighting
 - Level 2.4 Dodging
 - Level 1.0 Stealth
 + Level 0.6 Shields
 * Level 4.0 Unarmed Combat


You had 2 spell levels left.
You didn't know any spells.
Your spell library was empty.

Dungeon Overview and Level Annotations

Branches:
Dungeon (2/15)

Altars:
Ashenzari

Annotations:
D:2 Ijyb


Innate Abilities, Weirdness & Mutations

You are too large for most types of armour.
You have claws for hands.
Your natural rate of healing is unusually fast.
You are covered in fur. (AC +1)
You have extremely tough skin. (AC +3)


Message History

You kill the goblin!
You have reached level 3!
Your experience leads to an increase in your attributes!
Your base attributes are Str 18, Int 6, Dex 12.
Increase (S)trength, (I)ntelligence, or (D)exterity?
You feel agile.
You feel stronger.
You closely miss the goblin. You block the goblin's attack.
You barely miss the goblin. You block the goblin's attack.
You claw the goblin!
You kill the goblin!
You claw Ijyb!
Ijyb is heavily wounded.
Ijyb zaps a wand.
The bolt of acid hits you. The acid corrodes you!
You are splashed with acid!
You scratch Ijyb but do no damage.
Ijyb is heavily wounded.
Ijyb zaps a wand.
The bolt of acid hits you!
* * * LOW HITPOINT WARNING * * *
You are splashed with acid!
You die...

.8.8.8.8.... .....(
...........# #####
(..........# ####
.....g.....# #...
...........# #.##
....gg.....# #.#.
.8.8g8.8...# #.#.
########g..####
###.## #.@ggg#....#
#...##
#.###.#....###.....
#>.........).'.....
#####.#.######...##
#.#.# ##### #.#.#
#.#.# #.#.# #.#)#


You could see Ijyb and 3 goblins.

Vanquished Creatures
  A dart slug (D:1)
  3 leopard geckos
  2 giant cockroaches (D:1)
  6 goblins
  3 hobgoblins
  A ball python (D:1)
  A bat (D:1)
  A frilled lizard (D:1)
  2 kobolds (D:2)
  3 rats
23 creatures vanquished.

Notes
Turn   | Place    | Note
-------+----------+-------------------------------------------
     0 | D:1      | MisterFreud the Troll Monk began the quest for the Orb.
     0 | D:1      | Reached XP level 1. HP: 22/22 MP: 0/0
    76 | D:1      | Reached XP level 2. HP: 21/29 MP: 1/1
   245 | D:1      | Found a broken altar of Ashenzari.
   659 | D:2      | Reached skill level 4 in Unarmed Combat
   729 | D:2      | Noticed Ijyb
   740 | D:2      | Reached XP level 3. HP: 36/36 MP: 2/2
   744 | D:2      | Splashed by Ijyb's acid

Illustrated notes

Levels and vault maps discovered:
D:1:      dpeg_arrival_round_c, layout_rooms, evilmike_ruin_ashenzari
D:2:      kennysheep_the_goblin_king, layout_basic

Skill      XL: |  1  2 |
---------------+-------+-----
Unarmed Combat | 4 |  4.0
Fighting       | |  2.4
Dodging        | |  2.4
Stealth        | |  1.0
Shields        | |  0.6

Action                   || total
-------------------------++-------
Melee: Unarmed           ||    61
Armor: Robe              ||     7
Dodge: Dodged            ||    18
Block: Tower shield      ||    22
